 Dungeon Crawl Stone Soup version 0.29.1-13-g9f3cf754e1 (webtiles) character file.

Game seed: 13780886594178182135

410 javelincjr the Gusty (level 6, 0/46 HPs)
             Began as a Draconian Air Elementalist on Jan 26, 2023.
             Slain by a wight
             ... wielding a +0 scimitar
              (7 damage)
             ... on level 3 of the Dungeon.
             The game lasted 00:15:22 (3848 turns).

javelincjr the Gusty (Draconian Air Elementalist)   Turns: 3848, Time: 00:15:23

Health: 0/46       AC:  8    Str: 10    XL:     6   Next: 58%
Magic:  0/11       EV: 12    Int: 17    God:
Gold:   183        SH:  0    Dex: 12    Spells: 9/12 levels left

rFire   . . .      SeeInvis .   l - +1 dagger (venom)
rCold   . . .      Faith    .   (no shield)
rNeg    . . .      Spirit   .   (body armour unavailable)
rPois   .          Reflect  .   s - +1 hat
rElec   .          Harm     .   n - +0 cloak
rCorr   .          Rampage  .   (no gloves)
Will    .....                   (no boots)
Stlth   ++........              (no amulet)
HPRegen 0.15/turn               (no ring)
MPRegen 0.12/turn               (no ring)

@: no status effects
A: AC +6, unfitting armour, cold-blooded
a: no special abilities


You were on level 3 of the Dungeon.
You visited 1 branch of the dungeon, and saw 3 of its levels.
You also visited: Sewer.

You collected 183 gold pieces.

Inventory:

Hand Weapons
 c - a +0 club
 e - a +0 dagger
 l - a +1 dagger of venom (weapon)
Missiles
 q - 4 curare-tipped darts
Armour
 n - a +0 cloak (worn)
 s - a +1 hat (worn)
Wands
 p - a wand of paralysis (10)
Scrolls
 b - a scroll of fear {unknown}
 f - 2 scrolls of enchant weapon {unknown}
 i - 4 scrolls of butterflies {unknown}
 j - a scroll of torment {unknown}
 o - 3 scrolls of teleportation {unknown}
 r - a scroll of enchant armour {unknown}
 t - a scroll of brand weapon {unknown}
 u - a scroll of vulnerability {unknown}
 v - a scroll of immolation {unknown}
 w - a scroll of identify {unknown}
Potions
 a - a potion of berserk rage
 d - 3 potions of curing
 g - a potion of might {unknown}
 h - 2 potions of degeneration {unknown}
 k - 2 potions of heal wounds
 m - a potion of invisibility {unknown}


   Skills:
 + Level 0.6 Fighting
 + Level 0.5 Short Blades
 + Level 0.5 Maces & Flails
 + Level 2.2 Dodging
 + Level 2.6 Stealth
 + Level 3.9 Spellcasting
 + Level 3.0 Conjurations
 + Level 4.7 Air Magic


You had 9 spell levels left.
You knew the following spells:

 Your Spells              Type           Power      Damage    Failure   Level
a - Shock                 Conj/Air       64%        1d7       3%          1
b - Static Discharge      Conj/Air       16%        3-5/arc   4%          2

Your spell library contained the following spells:

 Spells                   Type           Power      Damage    Failure   Level
 Swiftness                Air            19%        N/A       7%          3
 Airstrike                Air            9%         2d(2-18)  22%         4


Dungeon Overview and Level Annotations

Branches:
Dungeon (3/15)              Sewer (visited)

Altars:
Makhleb

Shops:
D:2 *


Innate Abilities, Weirdness & Mutations

Your plain brown scales are hard. (AC +6)
You cannot fit into any form of body armour.
You are cold-blooded and may be slowed by cold attacks.


Message History

The wight is struck by an arc of lightning!
The wight is almost destroyed.
You are struck by an arc of lightning.
The lightning grounds out.
The wight hits you but does no damage.
Casting: Static Discharge (safe; 5% risk of failure)
Confirm with . or Enter, or press ? or * to list all spells.
The wight is struck by an arc of lightning!
You destroy the wight!
You are struck by an arc of lightning.
Your life force feels restored.
Casting: Static Discharge (safe; 4% risk of failure)
Confirm with . or Enter, or press ? or * to list all spells.
The wight is struck by an arc of lightning.
The wight is heavily damaged.
The wight is struck by an arc of lightning!
The wight is almost destroyed.
The lightning grounds out.
The wight hits you with a +0 war axe.
You feel drained.
You barely miss the wight. You tail-slap the wight.
The wight is severely damaged.
The wight hits you with a +0 war axe.
You hit the wight but do no damage.
Your tail-slap misses the wight.
The wight is severely damaged.
The wight hits you with a +0 war axe!
* * * LOW HITPOINT WARNING * * *
You feel drained.
* * * LOW HITPOINT WARNING * * *
Casting: Static Discharge (safe; 4% risk of failure)
Confirm with . or Enter, or press ? or * to list all spells.
Okay, then.
Casting: Static Discharge (safe; 4% risk of failure)
Confirm with . or Enter, or press ? or * to list all spells.
The wight is struck by an arc of lightning!
You destroy the wight!
You are struck by an arc of lightning.
* * * LOW HITPOINT WARNING * * *
Your life force feels restored.
Your Conjurations skill increases to level 3!
The wight attacks as you move away! The wight hits you with a +0 scimitar!
You die...

... #.# #.#
#.# #.# #z#
#.# #.# #.#
#)# #.# #.#
####.###z#
#......z.#
#.####@###
#.# #.# #.#
#.# #.# #.#
######.# #.#
#......# #.#
#.#####.....#
#.# .#####
#.#####.#


You could see 2 wights.

Vanquished Creatures
  A water moccasin (Sewer)
  2 wights (D:3)
  Natasha (thrice) (D:2)
  Robin (D:2)
  5 adders
  A worm (D:3)
  4 endoplasms
  2 giant cockroaches
  20 goblins
  5 hobgoblins
  3 kobolds
  3 quokkas
  2 ball pythons
  9 bats
  2 frilled lizards
  5 rats
68 creatures vanquished.

Vanquished Creatures (others)
  4 plants (D:2)
4 creatures vanquished.

Grand Total: 72 creatures vanquished

Notes
Turn   | Place    | Note
-------+----------+-------------------------------------------
     0 | D:1      | javelincjr the Draconian Air Elementalist began the quest
                  | for the Orb.
     0 | D:1      | Reached XP level 1. HP: 14/14 MP: 3/3
    75 | D:1      | You fall into a shaft and drop 1 floor!
   224 | D:1      | Reached XP level 2. HP: 17/20 MP: 0/5
   364 | D:1      | Found a faded altar of an unknown god.
   913 | D:1      | Learned a level 2 spell: Static Discharge
   960 | D:1      | Reached XP level 3. HP: 24/26 MP: 4/6
  1650 | D:2      | Noticed Natasha
  1654 | D:2      | Killed Natasha
  1729 | D:2      | Found a burning altar of Makhleb.
  1740 | D:2      | Noticed Robin
  1875 | D:2      | Reached XP level 4. HP: 33/33 MP: 5/8
  1875 | D:2      | Killed Robin
  2046 | D:2      | Found Uwyixt's Assorted Antiques.
  2311 | D:2      | Noticed Natasha
  2319 | D:2      | Killed Natasha
  2320 | D:2      | Reached skill level 4 in Air Magic
  2327 | D:2      | Noticed Natasha
  2332 | D:2      | Killed Natasha
  2333 | D:2      | Reached XP level 5. HP: 18/38 MP: 1/9
  2968 | D:3      | Found a glowing drain.
  3034 | Sewer    | Entered a sewer
  3115 | Sewer    | Noticed a water moccasin
  3129 | Sewer    | Killed a water moccasin
  3130 | Sewer    | Reached XP level 6. HP: 10/46 MP: 7/11
  3848 | D:3      | Slain by a wight

Illustrated notes

Levels and vault maps discovered:
D:1:      saegor_arrival_simple_d, layout_basic,
          hellmonk_ecumenical_altar_heavens_door
D:2:      layout_basic, serial_shops, nicolae_shop_overgrown_old_shop,
          basic_altar, uniq_natasha, uniq_robin
D:3:      layout_loops_ring, cheibrodos_sewer_entry_sluice,
          hangedman_abyss_or_decor_lesser_grid

Skill      XL: |  1  2  3  4  5  6 |
---------------+-------------------+-----
Stealth        | 2 |  2.6
Spellcasting   | 3 |  3.9
Conjurations   | 2 3 |  3.0
Air Magic      | 4 |  4.7
Dodging        | 2 |  2.2
Fighting       | |  0.6
Short Blades   | |  0.5
Maces & Flails | |  0.5

Action                   |  1- 3 |  4- 6 || total
-------------------------+-------+-------++-------
Melee: Club              |    15 |       ||    15
       Tailslap          |     2 |     7 ||     9
       Unarmed           |     1 |       ||     1
       Dagger            |    16 |    41 ||    57
 Cast: Shock             |    60 |    35 ||    95
       Static Discharge  |     3 |    24 ||    27
  Use: Potion            |       |     4 ||     4
 Stab: Sleeping          |       |     1 ||     1
Armor: Skin              |    15 |    15 ||    30
Dodge: Dodged            |    23 |    33 ||    56
